| TOP OF THE 1ST |
|
Decatur Commodores batting - Pitching for Quad Cities Angels : LHP Ernie Ramirez
|
|
Pitching: LHP Ernie Ramirez
|
|
|
Batting: SHB Roger Holt
|
0-0: Ball 1-0: Foul Ball, location: 2F 1-1: Ball 2-1: Ball 3-1: Reached on error, E6 (Groundball, 4M, EV 103.1 MPH)
|
|
Batting: LHB Jerry Miller
|
0-0: Ball 1-0: Ground out 6-3 (Groundball, 56, EV 90.6 MPH)
|
|
Batting: SHB Rondin Johnson
|
0-0: Ball 1-0: Fly out, F8 (Flyball, 8RD, EV 91.3 MPH)
|
|
Batting: RHB Clifton Wilder
|
0-0: Ball 1-0: Swinging Strike 1-1: Ball 2-1: Swinging Strike 2-2: Ball 3-2: Foul Ball, location: 2F 3-2: Fly out, F9 (Flyball, 9LD, EV 87.5 MPH)
|
| Top of the 1st over - 0 runs, 0 hits, 1 error, 1 left on base; Decatur 0 - Quad Cities 0 |
| BOTTOM OF THE 1ST |
|
Quad Cities Angels batting - Pitching for Decatur Commodores : LHP Rob Murphy
|
|
Pitching: LHP Rob Murphy
|
|
|
Batting: RHB Mike Sharperson
|
0-0: Called Strike 0-1: Ball 1-1: Ball 2-1: Ground out 6-3 (Groundball, 6, EV 94.4 MPH)
|
|
Batting: RHB Rolando Roomes
|
0-0: Ball 1-0: DOUBLE (Flyball, 8LXD, EV 111.9 MPH)
|
|
Batting: RHB Dionisio DeJesus
|
0-0: Called Strike 0-1: Foul Ball, location: 2F 0-2: Foul Ball, location: 2F 0-2: Fly out, F6 (Line Drive, 6, EV 65.6 MPH)
|
|
Batting: RHB Greg Griffin
|
0-0: Foul Ball, location: 2F 0-1: Ball 1-1: Ball 2-1: SINGLE (Groundball, 6MD, EV 96.3 MPH) Rolando Roomes to third Runner from 3rd tries for Home, SAFE, throw by CF to home
|
|
Batting: RHB Oscar Mejia
|
0-0: Called Strike 0-1: Foul Ball, location: 2F 0-2: Ball Greg Griffin is caught stealing 2nd base 2-4
|
| Bottom of the 1st over - 1 run, 2 hits, 0 errors, 0 left on base; Decatur 0 - Quad Cities 1 |
| TOP OF THE 2ND |
|
Decatur Commodores batting - Pitching for Quad Cities Angels : LHP Ernie Ramirez
|
|
Batting: SHB Daniel Wieser
|
0-0: Swinging Strike 0-1: Foul Ball, location: 2F 0-2: Ball 1-2: Ball 2-2: Ball 3-2: Base on Balls
|
|
Batting: LHB David Showalter
|
0-0: Foul Ball, location: 2F 0-1: Foul Ball, location: 2F 0-2: Foul Ball, location: 2F 0-2: Strikes out looking
|
|
Batting: RHB Miguelito DeLaCruz
|
0-0: Grounds into double play, 5-4-3 (Groundball, 56, EV 108.1 MPH)
|
| Top of the 2nd over - 0 runs, 0 hits, 0 errors, 0 left on base; Decatur 0 - Quad Cities 1 |
| BOTTOM OF THE 2ND |
|
Quad Cities Angels batting - Pitching for Decatur Commodores : LHP Rob Murphy
|
|
Batting: RHB Oscar Mejia
|
0-0: Ball 1-0: Foul Ball, location: 2F 1-1: Ball 2-1: Ball 3-1: Foul Ball, location: 2F 3-2: Foul Ball, location: 2F 3-2: Base on Balls
|
|
Batting: LHB Chuck Sandberg
|
0-0: Ball 1-0: Foul Ball, location: 2F 1-1: Foul Ball, location: 2F 1-2: Ball 2-2: Ball 3-2: Grounds into double play, 4-6-3 (Groundball, 4, EV 79.4 MPH)
|
|
Batting: RHB Vito Lucarelli
|
0-0: SINGLE (Groundball, 6MD, EV 104.4 MPH) (infield hit)
|
|
Batting: SHB Mark Wiesler
|
0-0: Ball 1-0: Swinging Strike 1-1: Ball 2-1: Foul Ball, location: 2F 2-2: Foul Ball, location: 2F 2-2: Strikes out swinging
|
| Bottom of the 2nd over - 0 runs, 1 hit, 0 errors, 1 left on base; Decatur 0 - Quad Cities 1 |
| TOP OF THE 3RD |
|
Decatur Commodores batting - Pitching for Quad Cities Angels : LHP Ernie Ramirez
|
|
Batting: LHB Samuel Taves
|
0-0: Foul Ball, location: 2F 0-1: Ball 1-1: Foul Ball, location: 2F 1-2: Fly out, F7 (Flyball, 78D, EV 105.0 MPH)
|
|
Batting: RHB Rafael Sanchez
|
0-0: Ball 1-0: Ball 2-0: Foul Ball, location: 2F 2-1: Swinging Strike 2-2: Strikes out swinging
|
|
Batting: SHB Roger Holt
|
0-0: Ball 1-0: Foul Ball, location: 2F 1-1: Foul Ball, location: 2F 1-2: Ball 2-2: Foul Ball, location: 2F 2-2: Ball 3-2: Ground out 6-3 (Groundball, 6M, EV 83.1 MPH)
|
| Top of the 3rd over - 0 runs, 0 hits, 0 errors, 0 left on base; Decatur 0 - Quad Cities 1 |
| BOTTOM OF THE 3RD |
|
Quad Cities Angels batting - Pitching for Decatur Commodores : LHP Rob Murphy
|
|
Batting: RHB Mark Riemer
|
0-0: Ground out 6-3 (Groundball, 6, EV 103.1 MPH)
|
|
Batting: RHB Mike Sharperson
|
0-0: Ball 1-0: Swinging Strike 1-1: Ball 2-1: Swinging Strike 2-2: Foul Ball, location: 2F 2-2: Foul Ball, location: 2F 2-2: Strikes out swinging
|
|
Batting: RHB Rolando Roomes
|
0-0: Called Strike 0-1: Fly out, F8 (Line Drive, 8RM, EV 107.5 MPH)
|
| Bottom of the 3rd over - 0 runs, 0 hits, 0 errors, 0 left on base; Decatur 0 - Quad Cities 1 |
| TOP OF THE 4TH |
|
Decatur Commodores batting - Pitching for Quad Cities Angels : LHP Ernie Ramirez
|
|
Batting: LHB Jerry Miller
|
0-0: Called Strike 0-1: Foul Ball, location: 2F 0-2: Ground out 1-3 (Groundball, 13S, EV 74.4 MPH)
|
|
Batting: SHB Rondin Johnson
|
0-0: Ball 1-0: Swinging Strike 1-1: Ball 2-1: Ball 3-1: Foul Ball, location: 2F 3-2: Base on Balls
|
|
Batting: RHB Clifton Wilder
|
0-0: Called Strike 0-1: Foul Ball, location: 2F 0-2: Ball 1-2: Foul Ball, location: 2F 1-2: Fly out, F4 (Flyball, 34D, EV 83.8 MPH)
|
|
Batting: SHB Daniel Wieser
|
0-0: Foul Ball, location: 2F 0-1: Foul Ball, location: 2F 0-2: Ball 1-2: Fly out, F8 (Flyball, 8RXD, EV 104.4 MPH)
|
| Top of the 4th over - 0 runs, 0 hits, 0 errors, 1 left on base; Decatur 0 - Quad Cities 1 |
| BOTTOM OF THE 4TH |
|
Quad Cities Angels batting - Pitching for Decatur Commodores : LHP Rob Murphy
|
|
Batting: RHB Dionisio DeJesus
|
0-0: Called Strike 0-1: Hit by Pitch
|
|
Batting: RHB Greg Griffin
|
0-0: Swinging Strike 0-1: SINGLE (Flyball, 56D, EV 85.6 MPH) Dionisio DeJesus to second
|
|
Batting: RHB Oscar Mejia
|
0-0: Fly out, F8 (Flyball, 8LXD, EV 105.6 MPH) Runner from 2nd tags up, SAFE at 3rd, no throw by CF
|
|
Batting: LHB Chuck Sandberg
|
0-0: Foul Ball, location: 2F 0-1: Fielders Choice at 2nd, 1-6 (Groundball, 13S, EV 64.4 MPH)
|
|
Batting: RHB Vito Lucarelli
|
0-0: Called Strike 0-1: Foul Ball, location: 2F 0-2: Ball 1-2: DOUBLE (Flyball, 89XD, EV 108.8 MPH) Dionisio DeJesus scores Chuck Sandberg to third Runner from 3rd tries for Home, SAFE, throw by RF to trailing runner, SAFE at third!
|
|
Batting: SHB Mark Wiesler
|
0-0: Swinging Strike 0-1: Ball 1-1: Foul Ball, location: 2F 1-2: Foul Ball, location: 2F 1-2: Ball 2-2: Foul Ball, location: 2F 2-2: SINGLE (Groundball, 56S, EV 69.4 MPH) (infield hit) Vito Lucarelli scores
|
|
Batting: RHB Mark Riemer
|
0-0: Called Strike 0-1: Ball 1-1: Ball 2-1: Swinging Strike 2-2: Foul Ball, location: 2F 2-2: Ball Mark Wiesler steals 2nd base (no throw) 3-2: Fly out, F9 (Flyball, 89M, EV 89.4 MPH)
|
| Bottom of the 4th over - 3 runs, 3 hits, 0 errors, 1 left on base; Decatur 0 - Quad Cities 4 |
| TOP OF THE 5TH |
|
Decatur Commodores batting - Pitching for Quad Cities Angels : LHP Ernie Ramirez
|
|
Batting: LHB David Showalter
|
0-0: Ball 1-0: Called Strike 1-1: Foul Ball, location: 2F 1-2: Foul Ball, location: 2F 1-2: Foul Ball, location: 2F 1-2: Strikes out swinging
|
|
Batting: RHB Miguelito DeLaCruz
|
0-0: Called Strike 0-1: Called Strike 0-2: Strikes out swinging
|
|
Batting: LHB Samuel Taves
|
0-0: Ground out U3 (Groundball, 3, EV 97.5 MPH)
|
| Top of the 5th over - 0 runs, 0 hits, 0 errors, 0 left on base; Decatur 0 - Quad Cities 4 |
| BOTTOM OF THE 5TH |
|
Quad Cities Angels batting - Pitching for Decatur Commodores : LHP Rob Murphy
|
|
Batting: RHB Mike Sharperson
|
0-0: Ball 1-0: Foul Ball, location: 2F 1-1: Ball 2-1: DOUBLE (Line Drive, 78D, EV 111.3 MPH)
|
|
Batting: RHB Rolando Roomes
|
0-0: SINGLE (Groundball, 56D, EV 97.5 MPH) Mike Sharperson to third Runner from 3rd tries for Home, SAFE, throw by LF to home
|
|
Batting: RHB Dionisio DeJesus
|
0-0: Swinging Strike 0-1: Ball Wild Pitch! Rolando Roomes to second 1-1: TRIPLE (Line Drive, 89XD, EV 113.1 MPH) Rolando Roomes scores
|
|
Pitching: RHP Peyton Mosher
|
|
|
Batting: RHB Greg Griffin
|
0-0: Foul Ball, location: 2F 0-1: Ball 1-1: Ball 2-1: Foul Ball, location: 2F 2-2: Ball 3-2: Base on Balls
|
|
Batting: RHB Oscar Mejia
|
0-0: Swinging Strike 0-1: Foul Ball, location: 2F 0-2: Ball 1-2: Ball 2-2: Ball 3-2: Foul Ball, location: 2F 3-2: Strikes out swinging
|
|
Batting: LHB Chuck Sandberg
|
0-0: Called Strike 0-1: Ball 1-1: Ball 2-1: Ball 3-1: Base on Balls Greg Griffin to second
|
|
Batting: RHB Vito Lucarelli
|
0-0: Fly out, F4 (Popup, 4, EV 61.3 MPH)
|
|
Batting: SHB Mark Wiesler
|
0-0: Foul Ball, location: 2F 0-1: Ball 1-1: Ball 2-1: Ball 3-1: Foul Ball, location: 2F 3-2: Ground out 4-3 (Groundball, 4, EV 84.4 MPH)
|
| Bottom of the 5th over - 2 runs, 3 hits, 0 errors, 3 left on base; Decatur 0 - Quad Cities 6 |
| TOP OF THE 6TH |
|
Decatur Commodores batting - Pitching for Quad Cities Angels : LHP Ernie Ramirez
|
|
Batting: RHB Rafael Sanchez
|
0-0: Ball 1-0: Ball 2-0: Called Strike 2-1: Ground out 6-3 (Groundball, 6S, EV 89.4 MPH)
|
|
Batting: SHB Roger Holt
|
0-0: Ball 1-0: Ball 2-0: Ball 3-0: Base on Balls
|
|
Batting: LHB Jerry Miller
|
0-0: SINGLE (Line Drive, 78S, EV 111.3 MPH) Roger Holt to second
|
|
Batting: SHB Rondin Johnson
|
0-0: Grounds into double play, 6-4-3 (Groundball, 6, EV 88.8 MPH)
|
| Top of the 6th over - 0 runs, 1 hit, 0 errors, 1 left on base; Decatur 0 - Quad Cities 6 |
| BOTTOM OF THE 6TH |
|
Quad Cities Angels batting - Pitching for Decatur Commodores : RHP Peyton Mosher
|
|
Batting: RHB Mark Riemer
|
0-0: Foul Ball, location: 2F 0-1: Called Strike 0-2: Fly out, F6 (Flyball, 56D, EV 84.4 MPH)
|
|
Batting: RHB Mike Sharperson
|
0-0: Called Strike 0-1: SINGLE (Line Drive, 4MD, EV 95.6 MPH)
|
|
Batting: RHB Rolando Roomes
|
0-0: Ball 1-0: Ball 2-0: SINGLE (Groundball, 56D, EV 108.8 MPH) Mike Sharperson to second
|
|
Batting: RHB Dionisio DeJesus
|
0-0: Ball 1-0: Foul Ball, location: 2F 1-1: Ball 2-1: Called Strike 2-2: Grounds into double play, 6-4-3 (Groundball, 6MD, EV 85.0 MPH)
|
| Bottom of the 6th over - 0 runs, 2 hits, 0 errors, 1 left on base; Decatur 0 - Quad Cities 6 |
| TOP OF THE 7TH |
|
Decatur Commodores batting - Pitching for Quad Cities Angels : LHP Ernie Ramirez
|
|
Batting: RHB Clifton Wilder
|
0-0: Ground out 6-3 (Groundball, 6, EV 81.3 MPH)
|
|
Batting: SHB Daniel Wieser
|
0-0: Ball 1-0: Called Strike 1-1: Ball 2-1: Foul Ball, location: 2F 2-2: Ball 3-2: Fly out, F9 (Flyball, 9D, EV 90.6 MPH)
|
|
Batting: LHB David Showalter
|
0-0: Called Strike 0-1: Ball 1-1: Ball 2-1: Ball 3-1: Fly out, F8 (Flyball, 8LXD, EV 104.4 MPH)
|
| Top of the 7th over - 0 runs, 0 hits, 0 errors, 0 left on base; Decatur 0 - Quad Cities 6 |
| BOTTOM OF THE 7TH |
|
Quad Cities Angels batting - Pitching for Decatur Commodores : RHP Peyton Mosher
|
|
Batting: RHB Greg Griffin
|
0-0: Called Strike 0-1: Foul Ball, location: 2F 0-2: Ball 1-2: Ball 2-2: Ground out 3-1 (Groundball, 13, EV 86.3 MPH)
|
|
Batting: RHB Oscar Mejia
|
0-0: Ground out 5-3 (Groundball, 5L, EV 76.3 MPH)
|
|
Batting: LHB Chuck Sandberg
|
0-0: Ball 1-0: Called Strike 1-1: Called Strike 1-2: Fly out, F7 (Line Drive, 7D, EV 96.9 MPH)
|
| Bottom of the 7th over - 0 runs, 0 hits, 0 errors, 0 left on base; Decatur 0 - Quad Cities 6 |
| TOP OF THE 8TH |
|
Decatur Commodores batting - Pitching for Quad Cities Angels : LHP Ernie Ramirez
|
|
Batting: RHB Miguelito DeLaCruz
|
0-0: Ball 1-0: Called Strike 1-1: Fly out, F9 (Flyball, 9, EV 75.0 MPH)
|
|
Batting: LHB Samuel Taves
|
0-0: Foul Ball, location: 2F 0-1: SINGLE (Line Drive, 56, EV 98.8 MPH)
|
|
Batting: RHB Rafael Sanchez
|
0-0: Fly out, F8 (Flyball, 8RD, EV 105.6 MPH)
|
|
Batting: SHB Roger Holt
|
0-0: Ball 1-0: Foul Ball, location: 2F 1-1: Ball 2-1: Ground out 6-3 (Groundball, 6S, EV 68.8 MPH)
|
| Top of the 8th over - 0 runs, 1 hit, 0 errors, 1 left on base; Decatur 0 - Quad Cities 6 |
| BOTTOM OF THE 8TH |
|
Quad Cities Angels batting - Pitching for Decatur Commodores : RHP Peyton Mosher
|
|
Batting: RHB Vito Lucarelli
|
0-0: Foul Ball, location: 2F 0-1: Called Strike 0-2: Strikes out swinging
|
|
Pitching: LHP James Oates
|
|
|
Batting: SHB Mark Wiesler
|
0-0: Ball 1-0: Swinging Strike 1-1: Ball 2-1: Swinging Strike 2-2: Foul Ball, location: 2F 2-2: Strikes out swinging
|
|
Batting: RHB Mark Riemer
|
0-0: Ball 1-0: Ball 2-0: Swinging Strike 2-1: Ball 3-1: Base on Balls
|
|
Batting: RHB Mike Sharperson
|
0-0: Called Strike 0-1: Called Strike 0-2: Ball 1-2: DOUBLE (Line Drive, 89D, EV 108.1 MPH) Mark Riemer to third Runner from 3rd tries for Home, SAFE, throw by CF to trailing runner, SAFE at third!
|
|
Batting: RHB Rolando Roomes
|
0-0: Fly out, F9 (Line Drive, 9, EV 96.3 MPH)
|
| Bottom of the 8th over - 1 run, 1 hit, 0 errors, 1 left on base; Decatur 0 - Quad Cities 7 |
| TOP OF THE 9TH |
|
Decatur Commodores batting - Pitching for Quad Cities Angels : LHP Ernie Ramirez
|
|
Pinch Hitting: RHB Donald Johnson
|
0-0: Ground out 3-1 (Groundball, 34, EV 85.0 MPH)
|
|
Pinch Hitting: RHB William Kelley
|
0-0: Fly out, F8 (Flyball, 8LD, EV 106.3 MPH)
|
|
Batting: RHB Clifton Wilder
|
0-0: Ground out 6-3 (Groundball, 6M, EV 103.8 MPH)
|
| Top of the 9th over - 0 runs, 0 hits, 0 errors, 0 left on base; Decatur 0 - Quad Cities 7 |
|